 Dungeon Crawl Stone Soup version 0.23.1 (webtiles) character file.

Game seed: 6251889968445178110

271 Elpenore the Covered (level 6, -2/39 HPs)
             Began as a Gargoyle Fighter on Mar 14, 2019.
             Was a Priest of Vehumet.
             Slain by an ogre
             ... wielding a +0 giant club
              (14 damage)
             ... on level 4 of the Dungeon.
             The game lasted 00:45:28 (3188 turns).

Elpenore the Covered (Gargoyle Fighter)             Turns: 3188, Time: 00:45:29

Health: -2/39      AC: 11    Str: 19    XL:     6   Next: 23%
Magic:  6/6        EV:  7    Int:  9    God:    Vehumet [***...]
Gold:   164        SH:  9    Dex: 11    Spells: 2/5 levels left

rFire    . . .     SeeInvis .   a - +0 flail
rCold    . . .     Gourm    .   c - +0 shield
rNeg     + . .     Faith    .   b - +0 scale mail
rPois    ∞         Spirit   .   (no helmet)
rElec    +         Reflect  .   (no cloak)
rCorr    .         Harm     .   (no gloves)
MR       .....                  (no boots)
Stlth    ..........             m - amulet of regeneration
HPRegen  0.53/turn              (no ring)
MPRegen  0.10/turn              (no ring)

@: no status effects
A: negative energy resistance 1, electricity resistance, unbreathing,
petrification resistance, rot immunity, AC +4
a: Renounce Religion


You were on level 4 of the Dungeon.
You worshipped Vehumet.
Vehumet was most pleased with you.
You were hungry.

You visited 1 branch of the dungeon, and saw 4 of its levels.
You also visited: Sewer.

You collected 164 gold pieces.

Inventory:

Hand Weapons
 a - a +0 flail (weapon)
Missiles
 r - 11 poisoned needles
 v - 34 stones (quivered)
Armour
 b - a +0 scale mail (worn)
 c - a +0 shield (worn)
 p - a +0 plate armour
Jewellery
 m - an amulet of regeneration (around neck)
Scrolls
 e - 2 scrolls of fog {unknown}
 g - 4 scrolls of teleportation {unknown}
 h - 2 scrolls of blinking {unknown}
 j - 5 scrolls of identify {unknown}
 k - 4 scrolls of magic mapping {unknown}
 l - 2 scrolls of amnesia {unknown}
 o - 4 scrolls of remove curse {unknown}
 s - a scroll of noise {unknown}
 u - a scroll of enchant weapon {unknown}
 w - a scroll of immolation {unknown}
Potions
 d - a potion of might
 i - 2 potions of curing {unknown}
 n - 2 potions of ambrosia {unknown}
 q - a potion of lignification {unknown}
 t - a potion of invisibility {unknown}
Comestibles
 f - 3 rations
 x - a chunk of flesh


   Skills:
 + Level 4.5 Fighting
 * Level 3.8 Maces & Flails
 + Level 4.5 Armour
 + Level 4.5 Shields


You had 2 spell levels left.
You knew the following spells:

 Your Spells              Type           Power        Failure   Level  Hunger
a - Sandblast             Erth           #.....       71%         1    ##.....
b - Blink                 Tloc           N/A          100%        2    ###....

Your spell library contained the following spells:

 Spells                   Type           Power        Failure   Level  Hunger
 Dazzling Spray           Conj/Hex       #.....       95%         3    ####...
 Magic Dart               Conj           #...         71%         1    ##.....
 Call Imp                 Summ           #.......     100%        2    ###....
 Slow                     Hex            #.......     100%        2    ###....
 Conjure Flame            Conj/Fire      #.......     95%         3    ####...
 Mephitic Cloud           Conj/Pois/Air  #.......     95%         3    ####...


Dungeon Overview and Level Annotations

Branches:
Dungeon (4/15)
 Temple: D:4-7

Altars:
Elyvilon
Kikubaaqudgha
Okawaru
Qazlal
Ru
Vehumet

Annotations:
D:3 Sigmund


Innate Abilities, Weirdness & Mutations

You are resistant to torment.
Your stone body is resilient. (AC +4)
You are immune to poison.
You resist negative energy. (rN+)
You are resistant to electric shocks. (rElec)
You can survive without breathing.
You are immune to petrification.
You are immune to rotting.


Message History

The worker ant twitches its antennae in your direction.
Found a leather armour, 27 stones and a spear.
There is a stone staircase leading up here.
You sock the ogre!
The ogre is moderately wounded.
The ogre barely misses you.
You hit the ogre.
The ogre is heavily wounded.
The ogre hits you with a +0 giant club!
You hit the ogre.
The ogre is severely wounded.
You block the worker ant's attack. The ogre hits you with a +0 giant club!
* * * LOW HITPOINT WARNING * * *
Cast which spell? (? or * to list) It is impossible to cast this spell (100% risk of failure)!
Unknown command.
The ogre barely misses you. You block the worker ant's attack.
There is a stone staircase leading up here.
You block the worker ant's attack. The ogre hits you with a +0 giant club!
You die...

# .## .... #....
.## ......
....## ###......
......##........
........@.#
........aO#
..........#
####......#
##......#
#.[......
#.(.......
.....).....
............


You could see an ogre and a worker ant.

Vanquished Creatures
  A bullfrog (Sewer)
  6 adders
  7 oozes (Sewer)
  2 worms (D:3)
  A dart slug (D:1)
  9 leopard geckos
  16 ball pythons (Sewer)
  8 bats
  10 giant cockroaches
  6 hobgoblins
  A jackal (D:1)
  A quokka (D:2)
  15 frilled lizards
  11 goblins
  9 kobolds
  6 rats
109 creatures vanquished.

Notes
Turn   | Place    | Note
-------+----------+-------------------------------------------
     0 | D:1      | Elpenore the Gargoyle Fighter began the quest for the Orb.
     0 | D:1      | Reached XP level 1. HP: 14/14 MP: 1/1
   412 | D:1      | Reached XP level 2. HP: 19/19 MP: 2/2
   931 | D:2      | Reached XP level 3. HP: 23/23 MP: 3/3
  1199 | D:2      | Found a faded altar of an unknown god.
  1276 | D:2      | Became a worshipper of Vehumet
  1276 | D:2      | Reached * piety under Vehumet
  1276 | D:2      | Offered knowledge of Sandblast by Vehumet.
  1281 | D:2      | Learned a level 1 spell: Sandblast
  1310 | D:2      | Reached XP level 4. HP: 29/29 MP: 4/4
  1329 | D:2      | Found an ancient bone altar of Kikubaaqudgha.
  1383 | D:2      | Reached skill level 4 in Shields
  1455 | D:2      | Found a stormy altar of Qazlal.
  1466 | D:2      | Found an iron altar of Okawaru.
  1865 | D:3      | Found a sacrificial altar of Ru.
  1890 | D:3      | Reached skill level 4 in Armour
  1913 | D:3      | Reached skill level 4 in Fighting
  1944 | D:3      | Found a white marble altar of Elyvilon.
  1985 | D:3      | Learned a level 2 spell: Blink
  2141 | D:3      | Found a glowing drain.
  2147 | Sewer    | Entered a sewer
  2223 | Sewer    | Reached skill level 3 in Maces & Flails
  2232 | Sewer    | Offered knowledge of Throw Frost by Vehumet.
  2243 | Sewer    | Reached XP level 5. HP: 32/33 MP: 5/5
  2244 | Sewer    | Reached ** piety under Vehumet
  2533 | Sewer    | Offered knowledge of Dazzling Spray by Vehumet.
  2608 | Sewer    | Reached XP level 6. HP: 35/39 MP: 6/6
  2703 | D:3      | Reached *** piety under Vehumet
  2746 | D:3      | Noticed Sigmund
  3188 | D:4      | Slain by an ogre

Skill      XL: |  1  2  3  4 |
---------------+-------------+-----
Shields        | 4 |  4.5
Armour         | 4 |  4.5
Fighting       | 4 |  4.5
Maces & Flails | 3 |  3.8

Action                   |  1- 3 |  4- 6 || total
-------------------------+-------+-------++-------
Melee: Flail             |   130 |   295 ||   425
  Eat: Chunk             |     1 |     7 ||     8
Armor: Scale mail        |    68 |   208 ||   276
Dodge: Dodged            |    37 |   107 ||   144
Block: Shield            |    71 |   178 ||   249
